 Dungeon Crawl Stone Soup version 0.23.1 (webtiles) character file.

Game seed: 7080307151088333798

191 Borgoz the Sneak (level 5, 0/41 HPs)
             Began as a Ghoul Enchanter on Mar 3, 2019.
             Slain by a kobold
             ... wielding a +0 club
              (3 damage)
             ... on level 3 of the Dungeon.
             The game lasted 00:06:38 (3603 turns).

Borgoz the Sneak (Ghoul Enchanter)                  Turns: 3603, Time: 00:06:38

Health: 0/41       AC:  2    Str: 12    XL:     5   Next: 70%
Magic:  7/7        EV: 12    Int: 10    God:
Gold:   156        SH:  0    Dex: 10    Spells: 2/8 levels left

rFire    + . .     SeeInvis .   a - +1 dagger
rCold    + . .     Gourm    .   (no shield)
rNeg     + + +     Faith    .   h - -1 leather armour (curse)
rPois    ∞         Spirit   .   (no helmet)
rElec    .         Reflect  .   (no cloak)
rCorr    .         Harm     .   (no gloves)
MR       .....                  (no boots)
Stlth    ++........             (no amulet)
HPRegen  0.00/turn              q - ring of protection from fire
MPRegen  0.10/turn              (no ring)

@: rotting, hasted (expiring), very quick
A: rotting body, claws 1, carnivore, cold resistance 1, negative energy
resistance 3, inhibited regeneration, torment resistance, unbreathing
a: no special abilities


You were on level 3 of the Dungeon.
You were not hungry.

You visited 1 branch of the dungeon, and saw 4 of its levels.

You collected 156 gold pieces.

Inventory:

Hand Weapons
 a - a +1 dagger (weapon)
Missiles
 c - 21 poisoned needles
 k - 5 needles of confusion
Armour
 h - a cursed -1 leather armour (worn)
 p - a +0 ring mail
Jewellery
 q - a ring of protection from fire (left claw)
Scrolls
 g - 3 scrolls of identify {unknown}
 i - 4 scrolls of enchant weapon {unknown}
 j - 2 scrolls of fear {unknown}
 m - 2 scrolls of magic mapping {unknown}
 n - 7 scrolls of remove curse {unknown}
 o - a scroll of blinking {unknown}
Comestibles
 d - 4 rations


   Skills:
 * Level 2.2 Fighting
 * Level 1.9 Short Blades
 + Level 0.7 Throwing
 * Level 1.5 Armour
 * Level 2.7 Dodging
 + Level 3.7 Stealth
 + Level 2.2 Spellcasting
 + Level 2.7 Hexes


You had 2 spell levels left.
You knew the following spells:

 Your Spells              Type           Power        Failure   Level  Hunger
a - Corona                Hex            #......      13%         1    ##.....
b - Ensorcelled Hibernat  Hex/Ice        #.....       32%         2    ###....
c - Confuse               Hex            #.......     36%         3    ####...

Your spell library contained the following spells:

 Spells                   Type           Power        Failure   Level  Hunger
 Tukima's Dance           Hex            #.......     36%         3    ####...
 Dazzling Spray           Conj/Hex       #.....       54%         3    ####...


Dungeon Overview and Level Annotations

Branches:
Dungeon (4/15)
 Temple: D:4-7

Altars:
Dithmenos
Gozag
Nemelex Xobeh
Ru
Trog
Vehumet


Innate Abilities, Weirdness & Mutations

Your body is rotting away.
You thrive on raw meat.
You are immune to poison.
You have sharp fingernails.
You are carnivorous and can eat meat at any time.
Your flesh is cold resistant. (rC+)
You are immune to negative energy. (rN+++)
You do not regenerate when monsters are visible.
You are immune to unholy pain and torment.
You can survive without breathing.


Message History

The kobold is moderately wounded.
You closely miss the kobold.
The kobold is moderately wounded.
The kobold closely misses you.
You closely miss the kobold.
The kobold is moderately wounded.
The kobold closely misses you.
You hit the kobold.
You kill the kobold!
The kobold throws a stone.
The stone closely misses you.
Your extra speed is starting to run out.
The orc closely misses you. The kobold hits you with a +0 club.
* * * LOW HITPOINT WARNING * * *
Things that are here:
a +0 whip; a kobold corpse You closely miss the orc.
The orc completely misses you.
You hit the kobold.
The kobold is moderately wounded.
The kobold hits you with a +0 club.
You die...

....##.......######
#.##....)....
....####.#####
#..#..#######
....####.#
########.#...#.....
.........#
#+#####^#####.[####..
.........#
#....%..##...........
.........#
#..._...############.
##.#.....# #.....#
#.......... #.......#
#.oK# #.########.
##......# ##@## #.#
#... #......#
#.######.# #.##
#......#######......#.#
#.#
##...#..........#..(#.#
#.#
#...#..........#...#.#
#.#
#...#..........#...#.#
#.#
#...#.####....(#...#.#
##### ###.#.#
#.....#...######^P^.P
#...#
##..........##.§#PP..P


You could see an orc and a kobold.

Vanquished Creatures
  A bullfrog skeleton (D:4)
  An iguana (D:4)
  Terence (D:3)
  A worker ant zombie (D:3)
  2 adders
  A shadow imp (D:4)
  An ooze (D:2)
  A worm (D:2)
  2 dart slugs (D:1)
  3 leopard geckos
  5 orcs (D:3)
  3 giant cockroaches
  7 goblins
  6 hobgoblins
  2 ball pythons
  4 bats
  2 frilled lizards (D:1)
  A jackal skeleton (D:4)
  8 kobolds
  5 rats
57 creatures vanquished.

Notes
Turn   | Place    | Note
-------+----------+-------------------------------------------
     0 | D:1      | Borgoz the Ghoul Enchanter began the quest for the Orb.
     0 | D:1      | Reached XP level 1. HP: 14/14 MP: 2/2
    94 | D:1      | Reached skill level 1 in Short Blades
   110 | D:1      | Reached XP level 2. HP: 18/22 MP: 3/3
   123 | D:1      | Learned a level 2 spell: Ensorcelled Hibernation
   293 | D:1      | Reached skill level 1 in Fighting
   539 | D:1      | Reached XP level 3. HP: 24/28 MP: 5/5
   798 | D:1      | You fall through a shaft!
  2174 | D:2      | Found a shadowy altar of Dithmenos.
  2204 | D:2      | Found a sparkling altar of Nemelex Xobeh.
  2205 | D:2      | Found an opulent altar of Gozag.
  2226 | D:2      | Reached skill level 1 in Armour
  2226 | D:2      | Reached XP level 4. HP: 25/35 MP: 2/6
  2388 | D:3      | Noticed Terence
  2401 | D:3      | Killed Terence
  2707 | D:3      | Found a radiant altar of Vehumet.
  2808 | D:4      | HP: 1/36 [bullfrog skeleton (5)]
  2829 | D:4      | Reached XP level 5. HP: 11/41 MP: 4/7
  3450 | D:3      | Found a sacrificial altar of Ru.
  3511 | D:3      | Learned a level 3 spell: Confuse
  3582 | D:3      | Found a bloodstained altar of Trog.
  3603 | D:3      | Slain by a kobold

Skill      XL: |  1  2  3  4 |
---------------+-------------+-----
Short Blades   | 1 |  1.9
Dodging        | 2 |  2.7
Fighting       | 1 2 |  2.2
Spellcasting   | 2 |  2.2
Armour         | 1 |  1.5
Throwing       | |  0.7
Stealth        | |  3.7
Hexes          | |  2.7

Action                   |  1- 3 |  4- 6 || total
-------------------------+-------+-------++-------
Melee: Dagger            |   169 |   242 ||   411
 Cast: Ensorcelled Hiber |     6 |    10 ||    16
       Corona            |     1 |       ||     1
  Use: Potion            |       |     5 ||     5
 Stab: Sleeping          |     8 |     5 ||    13
  Eat: Chunk             |    12 |     9 ||    21
Armor: Robe              |    10 |       ||    10
       Leather armour    |    12 |    23 ||    35
Dodge: Dodged            |   111 |   125 ||   236
